 Dungeon Crawl Stone Soup version 0.27-a0-590-g94244163b4 (webtiles) character file.

Game seed: 10430437833646901387

77 tilp the Sneak (level 4, -1/29 HPs)
             Began as an Octopode Transmuter on Mar 10, 2021.
             Slain by Natasha (3 damage)
             ... on level 2 of the Dungeon.
             The game lasted 00:02:11 (1293 turns).

tilp the Sneak (Octopode Transmuter)                Turns: 1293, Time: 00:02:12

Health: -1/29      AC:  1    Str:  9    XL:     4   Next: 34%
Magic:  6/7        EV: 13    Int: 16    God:
Gold:   23         SH:  0    Dex: 12    Spells: 1/7 levels left

rFire    . . .     SeeInvis .     - Unarmed
rCold    . . .     Faith    .   (no shield)
rNeg     . . .     Spirit   .   (helmet currently unavailable)
rPois    .         Reflect  .   (no amulet)
rElec    .         Harm     .   (no ring)
rCorr    .         Rampage  .   (no ring)
Will     .....                  (no ring)
Stlth    +++.......             (no ring)
HPRegen  0.09/turn              (no ring)
MPRegen  0.10/turn              (no ring)
                                (no ring)
                                (no ring)

@: appendages (expiring), slowed, very slow
A: almost no armour, amphibious, 8 rings, tentacle spike 3, camouflage 1,
gelatinous body 1, nimble swimmer 1, tentacles
a: End Transformation


You were on level 2 of the Dungeon.
One of your tentacles had a temporary spike.
You visited 1 branch of the dungeon, and saw 2 of its levels.

You collected 23 gold pieces.

Inventory:

Missiles
 h - 39 stones (quivered)
Scrolls
 b - a scroll of immolation {unknown}
 e - a scroll of enchant armour {unknown}
Potions
 a - a potion of lignification
 c - 2 potions of attraction
 f - a potion of curing {unknown}
 g - a potion of invisibility


   Skills:
 + Level 2.0 Fighting
 - Level 2.0 Dodging
 - Level 4.0 Stealth
 + Level 3.5 Unarmed Combat
 - Level 2.0 Spellcasting
 - Level 2.0 Transmutations


You had one spell level left.
You knew the following spells:

 Your Spells              Type           Power      Damage    Failure   Level
a - Beastly Appendage     Tmut           16%        N/A       9%          1
b - Wereblood             Tmut           8%         N/A       14%         2
c - Spider Form           Tmut/Pois      2%         N/A       38%         3

Your spell library contained the following spells:

 Spells                   Type           Power      Damage    Failure   Level
 Ice Form                 Ice/Tmut       4%         N/A       80%         4
 Blade Hands              Tmut           4%         N/A       94%         5


Dungeon Overview and Level Annotations

Branches:
Dungeon (2/15)

Altars:

Annotations:
D:2 Natasha


Innate Abilities, Weirdness & Mutations

You cannot wear most types of armour.
You are amphibious.
You can wear up to eight rings at the same time.
Your skin changes colour to match your surroundings (Stealth+).
Your rubbery body absorbs attacks. (AC +1, EV +1)
You are stealthy while swimming. (Stealth+)
You have tentacles for arms and can constrict up to eight enemies at once.
One of your tentacles bears a large vicious spike.


Message History

You pierce the giant cockroach.
The giant cockroach is almost dead.
You constrict the giant cockroach.
You kill the giant cockroach!
No target in view!
No target in view!
Your transformation is almost over.
Your tentacle spike disappears.
You see here a giant cockroach corpse.
Natasha, Servant of Life and Death comes into view.
Natasha moves out of view.
Found a hunting sling and 2 boomerangs.
Natasha is nearby!
Found 24 stones.
Casting: Beastly Appendage (safe; 9% risk of failure)
Confirm with . or Enter, or press ? or * to list all spells.
One of your tentacles grows a vicious spike.
Natasha hisses angrily.
Natasha growls.
Natasha casts a spell at you. The magic dart hits you!
You barely miss Natasha. Your grab misses Natasha.
Natasha drinks a potion.
Natasha flickers and vanishes!
Deactivating autopickup; reactivate with Ctrl-A.
No target in view!
No target in view!
You barely miss something.
You pierce something.
Something claws you!
You closely miss something.
You hear some strange, mumbled words.
You feel yourself slow down.
You tentacle-slap something.
You pierce something.
Your tentacle-slap misses something.
Your transformation is almost over.
Something claws you.
* * * LOW HITPOINT WARNING * * *
You tentacle-slap something.
Your tentacle spike misses something.
Something claws you!
* * * LOW HITPOINT WARNING * * *
Something claws you.
You die...

#.# #.#### #(...# .
#.##.# ..#####.##.#
....(...##.#
#....##.######
#).{@........#
##...##.####.#
##.###.## #.# #
###.##...###†#####.#
.......#..†........#
###.##...###..<†...#
........## #.<####.#
###.##### #..# #
#..#


There were no monsters in sight!

Vanquished Creatures
  Natasha (twice) (D:2)
  A dart slug (D:1)
  A leopard gecko (D:1)
  4 bats
  A giant cockroach (D:2)
  3 goblins (D:1)
  3 hobgoblins (D:1)
  3 jackals (D:1)
  5 kobolds (D:1)
  A rat (D:1)
24 creatures vanquished.

Notes
Turn   | Place    | Note
-------+----------+-------------------------------------------
     0 | D:1      | tilp the Octopode Transmuter began the quest for the Orb.
     0 | D:1      | Reached XP level 1. HP: 13/13 MP: 3/3
    76 | D:1      | Reached skill level 1 in Stealth
   170 | D:1      | Reached skill level 2 in Stealth
   174 | D:1      | Reached XP level 2. HP: 18/18 MP: 3/5
   177 | D:1      | Learned a level 2 spell: Wereblood
   427 | D:1      | Reached skill level 3 in Stealth
   756 | D:1      | Reached XP level 3. HP: 16/23 MP: 4/6
   760 | D:1      | Learned a level 3 spell: Spider Form
   947 | D:1      | Reached skill level 4 in Stealth
  1134 | D:2      | Noticed Natasha
  1138 | D:2      | Killed Natasha
  1174 | D:2      | Noticed Natasha
  1180 | D:2      | Killed Natasha
  1181 | D:2      | Reached XP level 4. HP: 20/29 MP: 5/7
  1283 | D:2      | Noticed Natasha
  1293 | D:2      | Slain by Natasha

Illustrated notes

Levels and vault maps discovered:
D:1:      minmay_arrival_radiant_lines, layout_loops_ring
D:2:      layout_loops_ring, minmay_puff, uniq_natasha

Skill      XL: |  1  2  3 |
---------------+----------+-----
Stealth        | 2 3 4 |  4.0
Fighting       | 2 |  2.0
Dodging        | |  2.0
Unarmed Combat | |  3.5
Spellcasting   | |  2.0
Transmutations | |  2.0

Action                   |  1- 3 |  4- 6 || total
-------------------------+-------+-------++-------
Melee: Unarmed           |    54 |     6 ||    60
       Constrict         |    18 |     1 ||    19
       Tentacles         |    11 |       ||    11
       Kick              |    10 |     3 ||    13
       Punch             |     1 |       ||     1
 Cast: Beastly Appendage |    12 |     2 ||    14
       Wereblood         |     7 |       ||     7
  Use: Scroll            |     2 |       ||     2
 Stab: Sleeping          |     3 |       ||     3
Armor: Skin              |     8 |       ||     8
Dodge: Dodged            |    33 |       ||    33

Table legend: (Time is in decaauts)
 A = Elapsed time spent in this place.
 B = Non-inter-level travel time spent in this place.
 C = Inter-level travel time spent in this place.
 D = Time resting spent in this place.
 E = Time spent auto-exploring this place.
 F = Levels seen in this place.
 G = Mean time per level.
                   A        B        C        D        E       F      G
               +--------+--------+--------+--------+--------+-----+--------+
         Total |   1290 |   1284 |      6 |     19 |   1095 |   2 |  645.0 |
       Dungeon |   1290 |   1284 |      6 |     19 |   1095 |   2 |  645.0 |
               +--------+--------+--------+--------+--------+-----+--------+

Top non-repeatable levels by time:
     D:1: 1131 daAuts
     D:2: 158 daAuts
